 Dungeon Crawl Stone Soup version 0.21.1-1-g345015f (webtiles) character file.

504 diana the Spear-Bearer (level 7, 0/55 HPs)
             Began as a Merfolk Gladiator on May 29, 2018.
             Killed by divine providence
             ... invoked by an orc priest
              (14 damage)
             ... on level 4 of the Dungeon.
             The game lasted 00:09:45 (4139 turns).

diana the Spear-Bearer (Merfolk Gladiator)          Turns: 4139, Time: 00:09:46

Health: 0/55       AC:  4    Str: 14    XL:     7   Next: 17%
Magic:  7/7        EV: 16    Int:  8    God:
Gold:   221        SH:  0    Dex: 17    Spells: 6/6 levels left

rFire    . . .     SeeInvis .   a - +1 trident
rCold    . . .     Gourm    .   (no shield)
rNeg     . . .     Faith    .   b - +0 leather armour
rPois    +         Spirit   .   c - +0 helmet
rElec    .         Reflect  .   (no cloak)
rCorr    .         Harm     .   (no gloves)
MR       .....                  (no boots)
Stlth    +.........             (no amulet)
HPRegen  0.18/turn              r - ring of poison resistance
MPRegen  0.10/turn              q - ring of poison resistance

@: no status effects
A: change form in water, swift swim, stealthy swim
a: no special abilities


You were on level 4 of the Dungeon.
You were not hungry.

You visited 1 branch of the dungeon, and saw 4 of its levels.

You collected 221 gold pieces.

Inventory:

Hand Weapons
 a - a +1 trident (weapon)
Missiles
 d - 4 throwing nets (quivered)
Armour
 b - a +0 leather armour (worn)
 c - a +0 helmet (worn)
 i - a +0 buckler
Jewellery
 q - a ring of poison resistance (right hand)
 r - a ring of poison resistance (left hand)
Scrolls
 h - 4 scrolls of remove curse
 l - 2 scrolls of teleportation
 m - a scroll of random uselessness
 o - a scroll of fog {unknown}
 p - a scroll of amnesia {unknown}
Potions
 e - a potion of heal wounds {unknown}
 k - a potion of lignification {unknown}
 n - a potion of flight {unknown}
Comestibles
 f - 4 rations


   Skills:
 + Level 4.4 Fighting
 * Level 8.7 Polearms
 - Level 2.0 Throwing
 + Level 6.2 Dodging


You had 6 spell levels left.
You didn't know any spells.

Dungeon Overview and Level Annotations

Branches:
Dungeon (4/15)
 Temple: D:4-7

Altars:
Ashenzari
Fedhas
Makhleb
Okawaru
Yredelemnul

Annotations:
D:4 Blork the orc


Message History

You hit the orc priest.
The orc priest is almost dead.
The orc hits you with a whip! The orc priest hits you with a flail!
The orc priest looks satisfied for a moment.
You hit the orc priest.
You kill the orc priest!
The orc barely misses you. The orc completely misses you.
The orc priest mumbles some strange prayers to Beogh against you.
Beogh smites you!
* * * LOW HITPOINT WARNING * * *
Items here: ))) [ †† You are too injured to fight recklessly!
You are too injured to fight recklessly!
You are too injured to fight recklessly!
You are too injured to fight recklessly!
You hit the orc but do no damage.
The orc priest casts a cantrip, but nothing happens.
The orc priest invokes the aid of Beogh against you.
Beogh smites you!
You die...

################
#..............#
#.@............#
+.oo...........#
#..............#
#..............#
#..............#
#..............#
#.o.###..####.####
#...###..####.##.##
#.....#...........#


You could see an orc priest and 2 orcs.

Vanquished Creatures
  3 big kobolds (D:3)
  An orc priest (D:4)
  Terence (D:2)
  A worker ant (D:4)
  2 adders
  2 gnolls (D:3)
  5 worms
  A dart slug (D:3)
  2 leopard geckos (D:2)
  15 orcs
  5 bats
  3 giant cockroaches
  31 goblins
  30 hobgoblins
  3 jackals (D:1)
  2 quokkas (D:3)
  A ball python (D:2)
  2 frilled lizards (D:3)
  9 kobolds
  A leopard gecko skeleton (D:4)
  22 rats
142 creatures vanquished.

Vanquished Creatures (others)
  A quokka (D:3)
1 creature vanquished.

Grand Total: 143 creatures vanquished

Notes
Turn   | Place    | Note
-------+----------+-------------------------------------------
     0 | D:1      | diana the Merfolk Gladiator began the quest for the Orb.
     0 | D:1      | Reached XP level 1. HP: 16/16 MP: 1/1
   186 | D:1      | Reached XP level 2. HP: 23/23 MP: 2/2
   369 | D:1      | Reached skill level 5 in Polearms
   572 | D:2      | Found a burning altar of Makhleb.
   661 | D:2      | Reached XP level 3. HP: 10/28 MP: 3/3
   927 | D:2      | Noticed Terence
  1102 | D:2      | Killed Terence
  1102 | D:2      | Reached skill level 6 in Polearms
  1102 | D:2      | Reached XP level 4. HP: 19/35 MP: 4/4
  2392 | D:3      | Reached skill level 5 in Dodging
  2397 | D:3      | Reached XP level 5. HP: 21/41 MP: 5/5
  2827 | D:3      | Reached skill level 7 in Polearms
  3230 | D:3      | Noticed a big kobold
  3262 | D:3      | Noticed a big kobold
  3287 | D:3      | Killed a big kobold
  3287 | D:3      | Reached XP level 6. HP: 20/48 MP: 6/6
  3306 | D:3      | Reached skill level 8 in Polearms
  3316 | D:3      | HP: 1/48 [big kobold/club (6)]
  3323 | D:3      | HP: 1/48 [big kobold/club (5)]
  3937 | D:4      | Noticed Blork the orc
  3940 | D:4      | Reached XP level 7. HP: 54/54 MP: 7/7
  4105 | D:4      | Found a blossoming altar of Fedhas.
  4122 | D:4      | Found an iron altar of Okawaru.
  4122 | D:4      | Found a basalt altar of Yredelemnul.
  4123 | D:4      | Found a shattered altar of Ashenzari.
  4139 | D:4      | Killed from afar by an orc priest

Skill      XL: |  1  2  3  4  5  6 |
---------------+-------------------+-----
Polearms       | 5 6 7 8 |  8.7
Fighting       | 3 4 |  4.4
Dodging        | 5 6 |  6.2
Throwing       | |  2.0

Action                   |  1- 3 |  4- 6 |  7- 9 || total
-------------------------+-------+-------+-------++-------
Melee: Trident           |    86 |   323 |    48 ||   457
  Use: Potion            |       |     3 |       ||     3
       Scroll            |       |       |     4 ||     4
 Stab: Sleeping          |     4 |       |     1 ||     5
  Eat: Chunk             |       |     7 |       ||     7
       Ration            |       |     1 |       ||     1
Armor: Leather armour    |    29 |    47 |     3 ||    79
Dodge: Dodged            |    93 |   225 |    43 ||   361
